 Dungeon Crawl Stone Soup version 0.30.1-4-g462c640d31 (webtiles) character file.

Game seed: 16889096863503026558

47 Peloso the Covered (level 3, 0/33 HPs)
             Began as a Minotaur Fighter on Sept 17, 2023.
             Slain by a gnoll
             ... wielding a +0 halberd
              (9 damage)
             ... on level 2 of the Dungeon.
             The game lasted 00:02:22 (1131 turns).

Peloso the Covered (Minotaur Fighter)               Turns: 1131, Time: 00:02:23

Health: 0/33       AC:  7    Str: 20    XL:     3   Next: 48%
Magic:  2/2        EV:  8    Int:  5    God:
Gold:   75         SH:  8    Dex: 11    Spells: 2/2 levels left

rFire   . . .        a - +0 long sword
rCold   . . .        d - +0 kite shield
rNeg    . . .        b - +0 scale mail
rPois   .            (helmet restricted)
rElec   .            (no cloak)
rCorr   .            (no gloves)
SInv    .            (no boots)
Will    .....        (no amulet) Stlth
                     (no ring)
HPRegen 0.25/turn    (no ring)
MPRegen 0.08/turn

%: no passive effects
@: no status effects
A: horns 2, retaliatory headbutt
a: no special abilities


You were on level 2 of the Dungeon.
You visited 1 branch of the dungeon, and saw 2 of its levels.

You collected 75 gold pieces.

Inventory:

Hand Weapons
 a - a +0 long sword (weapon)
Armour
 b - a +0 scale mail (worn)
 c - a +0 buckler
 d - a +0 kite shield (worn)
Jewellery
 m - a +4 ring of slaying
Scrolls
 g - a scroll of amnesia {unknown}
 j - a scroll of fear {unknown}
 k - a scroll of acquirement {unknown}
 l - 2 scrolls of identify {unknown}
 n - a scroll of enchant weapon {unknown}
Potions
 e - 5 potions of curing {unknown}
 f - 2 potions of brilliance {unknown}
 h - a potion of cancellation {unknown}
 i - a potion of heal wounds {unknown}
 o - a potion of might


   Skills:
 + Level 4.3 Fighting
 + Level 2.8 Long Blades
 + Level 4.5 Armour
 + Level 0.2 Dodging
 + Level 3.9 Shields


You had 2 spell levels left.
You didn't know any spells.
Your spell library contained the following spells:

 Spells                   Type           Power      Damage    Failure   Level
 Blade Hands              Tmut           0%         N/A       100%        5
 Irradiate                Conj/Tmut      0%         3d11      100%        5
 Dragon Form              Tmut           0%         N/A       100%        7


Dungeon Overview and Level Annotations

Branches:
Dungeon (2/15)

Altars:

Shops:
D:1 !(?   D:2 (


Innate Abilities, Weirdness & Mutations

You have a pair of horns on your head.
You reflexively headbutt those who attack you in melee.


Message History

You see here a +0 mace.
Found a book of Transfigurations.
Found Faoj's Weapon Shop.
There is an entrance to Faoj's Weapon Shop here.
You pick up a book of Transfigurations and begin reading...
You add the spells Irradiate, Blade Hands and Dragon Form to your library.
e - 4 murky silvery potions (gained 1)
Found a stone staircase leading up.
e - 5 murky silvery potions (gained 1)
There is a stone staircase leading up here.
A gnoll comes into view. It is wielding a +0 spear.
The gnoll moves out of view.
A gnoll is nearby!
The gnoll hits you but does no damage.
You barely miss the gnoll. The gnoll hits you with a +0 spear.
You hit the gnoll but do no damage. You block the gnoll's attack.
You closely miss the gnoll. You headbutt the gnoll.
The gnoll is lightly wounded.
You block the gnoll's attack. The gnoll hits you but does no damage.
You slash the gnoll!
The gnoll is severely wounded.
The gnoll hits you but does no damage.
You hit the gnoll. You headbutt the gnoll.
You kill the gnoll!
Things that are here:
a +0 spear; a gnoll corpse 2 gnolls come into view.
The gnoll shouts!
You barely miss the gnoll.
You headbutt the gnoll, but do no damage.
The gnoll hits you with a +0 flail!
You closely miss the gnoll.
The gnoll hits you from afar with a +0 halberd!
You block the gnoll's attack. The gnoll closely misses you.
The gnoll hits you from afar with a +0 halberd.
* * * LOW HITPOINT WARNING * * *
You hit the gnoll but do no damage. You headbutt the gnoll!
The gnoll is heavily wounded.
The gnoll hits you from afar with a +0 halberd!
You die...

#.###### #.#. #.# #.#.
#.# #.#. #.# #.#. #.#
#.#[ #.## #.#.
#.#.###############...
#.###)................[
..# ##@..###########.##
.## #g##.# #.# # #.g #
..# #.#. ##.# #.#. #.#
# .. #.# ## #.#


You could see 2 gnolls.

Vanquished Creatures
  A gnoll (D:2)
  5 bats (D:1)
  2 giant cockroaches (D:1)
  4 goblins (D:1)
  7 hobgoblins
  4 jackals (D:1)
  3 kobolds (D:1)
  3 ball pythons (D:1)
  2 frilled lizards (D:1)
  A rat (D:1)
32 creatures vanquished.

Notes
Turn   | Place    | Note
-------+----------+-------------------------------------------
     0 | D:1      | Peloso the Minotaur Fighter began the quest for the Orb.
     0 | D:1      | Reached XP level 1. HP: 19/19 MP: 0/0
    84 | D:1      | Reached XP level 2. HP: 27/27 MP: 1/1
   173 | D:1      | Found Surch's Distillery.
   350 | D:1      | Found Qoreuge's Weapon Emporium.
   585 | D:1      | Reached XP level 3. HP: 33/33 MP: 2/2
   656 | D:1      | Found Icwyo's Magic Scroll Shop.
  1093 | D:2      | Found Faoj's Weapon Shop.
  1131 | D:2      | Slain by a gnoll

Illustrated notes

Levels and vault maps discovered:
D:1:      dpeg_arrival_renting, layout_basic, serial_shops, shop,
          nicolae_square_shop, shop_fountains
D:2:      wander_river, layout_loops_ring, serial_shops,
          nicolae_shop_just_a_little_nook, basic_altar, corexii_shack

Skill      XL: |  1  2 |
---------------+-------+-----
Armour         | 4 |  4.5
Fighting       | 4 |  4.3
Long Blades    | |  2.8
Dodging        | |  0.2
Shields        | |  3.9

Action                     || total
---------------------------++-------
  Melee: Long sword        ||    62
         Headbutt          ||    11
 Armour: Scale mail        ||    36
  Dodge: Dodged            ||    32
  Block: Buckler           ||    16
         Kite shield       ||     3
